 Dungeon Crawl Stone Soup version 0.21.1-1-g345015fe64 (webtiles) character file.

42 Kohma the Sneak (level 3, 0/16 HPs)
             Began as a Spriggan Enchanter on June 10, 2018.
             Slain by a bullfrog (8 damage)
             ... on level 3 of the Dungeon.
             The game lasted 00:07:28 (1495 turns).

Kohma the Sneak (Spriggan Enchanter)                Turns: 1495, Time: 00:07:29

Health: 0/16       AC:  9    Str:  5    XL:     3   Next: 33%
Magic:  6/8        EV: 19    Int: 16    God:
Gold:   108        SH:  0    Dex: 16    Spells: 2/8 levels left

rFire    . . .     SeeInvis +   a - +2 dagger (protect)
rCold    . . .     Gourm    .   (shield restricted)
rNeg     . . .     Faith    .   b - +0 robe
rPois    .         Spirit   .   (helmet restricted)
rElec    .         Reflect  .   (no cloak)
rCorr    .         Harm     .   (gloves unavailable)
MR       .....                  (boots unavailable)
Stlth    +++.......             (no amulet)
HPRegen  0.05/turn              (no ring)
MPRegen  0.11/turn              (no ring)

@: protection aura, very quick
A: very small, unfitting armour, see invisible, herbivore, speed 3, slow
metabolism 2
a: no special abilities


You were on level 3 of the Dungeon.
You were not hungry.

You visited 1 branch of the dungeon, and saw 3 of its levels.

You collected 108 gold pieces.

Inventory:

Hand Weapons
 a - a +2 dagger of protection (weapon)
 g - a +0 spear of venom
 h - a +0 dagger
 n - a +0 hand axe of chopping
 o - a +0 short sword
 s - a +1 dagger
Missiles
 i - 9 poisoned needles
 l - 7 curare-tipped needles
Armour
 b - a +0 robe (worn)
 k - a +0 robe
Jewellery
 f - a cursed ring of poison resistance {unknown}
Scrolls
 e - 2 scrolls of teleportation
Potions
 j - a potion of agility {unknown}
 m - a potion of mutation {unknown}
 p - a potion of invisibility {unknown}
 q - a potion of curing {unknown}
Books
 c - a book of Maledictions

   Spells                             Type                      Level
   a - Corona                         Hexes                        1
   b - Ensorcelled Hibernation        Hexes/Ice                    2
   c - Confuse                        Hexes                        3
   d - Tukima's Dance                 Hexes                        3
   e - Dazzling Spray                 Conjuration/Hexes            3
Comestibles
 d - 4 rations


   Skills:
 * Level 2.3 Short Blades
 + Level 3.4 Dodging
 - Level 4.4 Stealth
 + Level 3.1 Spellcasting
 * Level 4.3 Hexes


You had 2 spell levels left.
You knew the following spells:

 Your Spells              Type           Power        Failure   Level  Hunger
a - Corona                Hex            ###....      3%          1    #......
b - Ensorcelled Hibernat  Hex/Ice        #.....       12%         2    ##.....
c - Confuse               Hex            ###.....     10%         3    ###....


Dungeon Overview and Level Annotations

Branches:
Dungeon (3/15)

Altars:


Innate Abilities, Weirdness & Mutations

You are very small and have problems with some larger weapons.
You are too small for most types of armour.
You have supernaturally acute eyesight. (SInv)
You are a herbivore.
You cover ground extremely quickly.
You need consume almost no food.


Message History

The goblin closely misses you.
Casting: Corona
Confirm with . or Enter, or press ? or * to list all spells.
Aiming: Corona
Press: ? - help, Shift-Dir - straight line, f/p - goblin
Aim: a goblin (chance to defeat MR: 71%)
The goblin is outlined in light.
The goblin hits you but does no damage.
An orc wizard comes into view. It is wielding a dagger.
You hit the goblin.
Your weapon exudes an aura of protection.
The goblin is heavily wounded.
The bullfrog misses you. The goblin barely misses you.
The hobgoblin closely misses you.
You hit the goblin.
You kill the goblin!
The bullfrog hits you!
Ouch! That really hurt!
The bullfrog hits you!
Ouch! That really hurt!
You die...

..........†)..
#.........>.......
#.................
#.##......##.........
##.#... ... #####.....
#..#.....# ##....
###...(.#.# ##...
........K.# ##..
......F@# ### ......g.#
#
........################
.....................<..
..o.....################
........# #... ####....#
#..## ####.. ... # ### .
#


You could see a bullfrog, an orc wizard, a hobgoblin and a kobold.

Vanquished Creatures
  An adder (D:2)
  A dart slug (D:2)
  A leopard gecko (D:1)
  An orc (D:3)
  3 bats
  3 giant cockroaches
  3 goblins
  A hobgoblin (D:2)
  3 jackals (D:2)
  A quokka (D:2)
  2 frilled lizards
  4 kobolds
  4 rats
28 creatures vanquished.

Notes
Turn   | Place    | Note
-------+----------+-------------------------------------------
     0 | D:1      | Kohma the Spriggan Enchanter began the quest for the Orb.
     0 | D:1      | Reached XP level 1. HP: 9/9 MP: 5/5
   472 | D:1      | Reached XP level 2. HP: 12/13 MP: 6/6
   793 | D:2      | Learned a level 2 spell: Ensorcelled Hibernation
  1087 | D:1      | Reached XP level 3. HP: 15/16 MP: 3/8
  1092 | D:1      | Learned a level 3 spell: Confuse
  1487 | D:3      | Noticed a bullfrog
  1495 | D:3      | Slain by a bullfrog

Skill      XL: |  1  2 |
---------------+-------+-----
Short Blades   | 2 |  2.3
Spellcasting   | 3 |  3.1
Hexes          | 4 |  4.3
Dodging        | |  3.4
Stealth        | |  4.4

Action                   || total
-------------------------++-------
Melee: Dagger            ||    82
 Cast: Corona            ||    15
       Ensorcelled Hiber ||     6
  Use: Scroll            ||     4
 Stab: Sleeping          ||    11
Armor: Robe              ||     8
Dodge: Dodged            ||    96
